[Event "42nd Olympiad Baku 2016 Open"]
[Site "Baku"]
[Date "2016.09.06"]
[Round "5.25"]
[White "Durarbayli, Vasif"]
[Black "Atabayev, Yusup"]
[Result "1-0"]
[ECO "C07"]
[WhiteElo "2612"]
[BlackElo "2453"]
[Annotator ""]
[PlyCount "69"]
[EventDate "2016.??.??"]
[EventType "team-tourn"]
[EventCountry "AZE"]
[SourceTitle "playchess.com"]
[Source "ChessBase"]
[WhiteTeam "Azerbaijan"]
[BlackTeam "Turkmenistan"]
[WhiteTeamCountry "AZE"]
[BlackTeamCountry "TKM"]
[TimeControl "40/5400+30:1800+30"]

1. e4 {(00:00)} e6 {(00:00)} 2. d4 {(00:00)} d5 {(
00:00)} 3. Nd2 {(00:05)} c5 {(00:15)} 4. exd5 {(00:07)}
Qxd5 {(01:19)} 5. Ngf3 {(00:06)} cxd4 {(00:07)} 6. Bc4 {
(00:04)} Qd7 {(00:55)} 7. O-O {(00:33)} Nc6 {(00:
06)} 8. Nb3 {(00:10)} Nf6 {(00:37)} 9. Nbxd4 {(00:28)} Bc5
{(04:14)} 10. Nxc6 {(05:59)} Qxc6 {(00:52)} 11. Ne5 {
(01:31)} Qb6 {(00:04)} 12. b3 {(06:58)} O-O {(13:
02)} 13. Bb2 {(01:44)} Qc7 {(04:22)} 14. Re1 {(05:14)} Rd8
{(02:01)} 15. Qf3 {(00:35)} Bd4 {(00:31)} 16. Bxd4 {
(03:45)} Rxd4 {(00:57)} 17. Rad1 {(11:01)} Rxd1 {(
00:48)} 18. Rxd1 {(00:11)} h6 {(03:10)} 19. Qg3 {(02:02)}
Nd5 {(07:49)} 20. h3 {(07:40)} b5 {(03:24)} 21. Rxd5 {
(07:39)} bxc4 {(03:53)} 22. Nxc4 {(03:28)} Qe7 {(
00:21)} 23. Rd1 {(02:17)} Bb7 {(01:38)} 24. Nd6 {(00:43)}
Rd8 {(01:17)} 25. c4 {(00:07)} Qc7 {(00:39)} 26. b4 {
(01:37)} a6 {(02:13)} 27. Rd4 {(00:48)} Rd7 {(00:
45)} 28. a4 {(01:31)} Qc6 {(01:15)} 29. Ne8 {(02:55)} Kf8
{(01:12)} 30. b5 {(00:14)} axb5 {(00:21)} 31. axb5 {
(00:06)} Qc8 {(00:36)} 32. Nd6 {(02:02)} Qc5 {(01:
06)} 33. Nf5 {(00:50)} Rxd4 {(00:08)} 34. Qxg7+ {(00:04)}
Ke8 {(00:06)} 35. Qh8+ {(00:05)} 1-0

[Event "42nd Olympiad Baku 2016 Open"]
[Site "Baku"]
[Date "2016.09.06"]
[Round "5.31"]
[White "Dzhumaev, Marat"]
[Black "Sanches, Casanova Romario"]
[Result "1-0"]
[ECO "B52"]
[WhiteElo "2450"]
[BlackElo "2082"]
[Annotator ""]
[PlyCount "63"]
[EventDate "2016.??.??"]
[EventType "team-tourn"]
[EventCountry "AZE"]
[SourceTitle "playchess.com"]
[Source "ChessBase"]
[WhiteTeam "Uzbekistan"]
[BlackTeam "Surinam"]
[WhiteTeamCountry "UZB"]
[BlackTeamCountry "SUR"]
[TimeControl "40/5400+30:1800+30"]

1. e4 {(00:00)} c5 {(00:00)} 2. Nf3 {(00:00)} d6 {(
00:00)} 3. Bb5+ {(00:53)} Bd7 {(00:01)} 4. Bxd7+ {(00:28)}
Qxd7 {(00:02)} 5. O-O {(00:22)} Nf6 {(00:10)} 6. Qe2 {
(00:11)} Nc6 {(01:22)} 7. c3 {(00:08)} g6 {(02:00)}
8. d4 {(00:26)} cxd4 {(00:48)} 9. cxd4 {(00:09)} Bg7 {
(00:19)} 10. Nc3 {(03:59)} O-O {(03:20)} 11. Rd1 {(
07:20)} Rac8 {(13:38)} 12. h3 {(01:10)} a6 {(02:20)} 13.
Bf4 {(03:35)} Nh5 {(12:03)} 14. Bh2 {(07:16)} f5 {(
10:21)} 15. exf5 {(02:55)} Qxf5 {(03:32)} 16. d5 {(00:12)}
Nb4 {(11:38)} 17. Qxe7 {(08:39)} Nd3 {(04:26)} 18. Ne4 {
(07:56)} Ne5 {(16:26)} 19. Bxe5 {(06:00)} Bxe5 {(
00:48)} 20. Qe6+ {(07:21)} Kh8 {(05:44)} 21. Nxd6 {(12:43]
} Bxd6 {(02:04)} 22. Qxd6 {(00:08)} Nf6 {(06:06)} 23. Rac1
{(08:23)} Ne4 {(01:20)} 24. Qe7 {(02:49)} Rce8 {(
01:48)} 25. Qxb7 {(00:10)} Ng5 {(01:05)} 26. Nxg5 {(00:41]
} Qxg5 {(01:01)} 27. Qb4 {(03:58)} Rxf2 {(00:32)} 28. Kxf2
{(02:55)} Qe3+ {(00:30)} 29. Kf1 {(00:08)} Kg8 {(
00:31)} 30. Re1 {(00:11)} Qd3+ {(00:29)} 31. Kg1 {(00:08)}
Rf8 {(00:31)} 32. d6 {(00:26)} 1-0

[Event "42nd Olympiad Baku 2016 Open"]
[Site "Baku"]
[Date "2016.09.06"]
[Round "5.19"]
[White "Ebeling, Daniel"]
[Black "Wagener, Claude"]
[Result "1-0"]
[ECO "B40"]
[WhiteElo "2468"]
[BlackElo "2295"]
[Annotator ""]
[PlyCount "107"]
[EventDate "2016.??.??"]
[EventType "team-tourn"]
[EventCountry "AZE"]
[SourceTitle "playchess.com"]
[Source "ChessBase"]
[WhiteTeam "Finland"]
[BlackTeam "Luxembourg"]
[WhiteTeamCountry "FIN"]
[BlackTeamCountry "LUX"]
[TimeControl "40/5400+30:1800+30"]

1. e4 {(00:00)} c5 {(00:00)} 2. Nf3 {(00:00)} e6 {(
00:00)} 3. c3 {(00:00)} d5 {(00:16)} 4. exd5 {(00:00)}
exd5 {(00:08)} 5. d4 {(00:00)} Nc6 {(00:25)} 6. Bb5 {
(01:12)} Bd6 {(00:43)} 7. O-O {(00:11)} Nge7 {(00:
37)} 8. dxc5 {(00:15)} Bxc5 {(00:08)} 9. Nbd2 {(00:04)}
O-O {(00:43)} 10. Nb3 {(00:02)} Bd6 {(00:41)} 11. Bd3 {
(00:55)} h6 {(01:15)} 12. h3 {(02:07)} Nf5 {(02:36]
} 13. Bc2 Re8 {(11:26)} 14. Qd3 {(24:14)} g6 {(05:58)} 15.
Rd1 {(08:41)} Bc7 {(21:10)} 16. Qxd5 {(14:17)} Qxd5 {
(14:43)} 17. Rxd5 {(00:10)} Nh4 {(00:19)} 18. Nbd2 {
(23:59)} Be6 {(02:02)} 19. Rd3 {(00:12)} Nxf3+ {(
06:09)} 20. Nxf3 {(00:16)} Bf5 {(03:45)} 21. Rd2 {(02:12)}
Bf4 {(01:08)} 22. Rd5 {(06:42)} Bxc2 {(09:50)} 23. Bxf4 {
(00:05)} g5 {(00:43)} 24. Be3 {(05:50)} Be4 {(04:
25)} 25. Rd7 {(00:24)} b6 {(02:48)} 26. Rd6 {(02:00)} Re6
{(04:05)} 27. Rxe6 {(00:36)} fxe6 {(00:04)} 28. Rd1 {
(00:11)} Rd8 {(00:27)} 29. Rxd8+ {(00:24)} Nxd8 {(
00:05)} 30. Nd2 {(03:59)} Bd3 {(00:16)} 31. f4 {(00:27)}
Nf7 {(01:48)} 32. fxg5 {(00:15)} hxg5 {(00:06)} 33. Nf3 {
(01:54)} Be4 {(00:05)} 34. Nxg5 {(00:10)} Nxg5 {(
00:06)} 35. Bxg5 {(00:03)} b5 {(01:00)} 36. Kf2 {(02:04)}
Bd5 {(01:47)} 37. b3 {(01:28)} Kf7 {(01:00)} 38. Be3 {
(00:48)} a6 {(00:08)} 39. Bd4 {(00:16)} Kg6 {(00:
59)} 40. g4 {(00:00)} a5 41. Kg3 {(08:48)} a4 {(07:50)}
42. bxa4 {(02:37)} bxa4 {(00:09)} 43. a3 {(00:05)} Bc4 {
(00:34)} 44. h4 {(02:26)} Be2 {(01:14)} 45. Kf4 {(
01:18)} Bc4 {(04:44)} 46. Ke3 {(01:14)} Bb3 {(03:18)} 47.
Be5 {(00:07)} Bd1 {(01:51)} 48. Kf4 {(01:12)} Be2 {
(00:34)} 49. Bd6 {(00:10)} Kf6 {(03:55)} 50. h5 {(
01:10)} Kg7 {(00:49)} 51. Kg5 {(00:18)} Bd3 {(01:25)} 52.
Be5+ {(00:38)} Kh7 {(00:07)} 53. Kh4 {(02:50)} Be2 {
(00:27)} 54. g5 {(00:15)} 1-0

[Event "42nd Olympiad Baku 2016 Open"]
[Site "Baku"]
[Date "2016.09.06"]
[Round "5.21"]
[White "Eid, Fadi"]
[Black "Mansour, Sameer"]
[Result "1/2-1/2"]
[ECO "B06"]
[WhiteElo "2354"]
[BlackElo "2245"]
[Annotator ""]
[PlyCount "219"]
[EventDate "2016.??.??"]
[EventType "team-tourn"]
[EventCountry "AZE"]
[SourceTitle "playchess.com"]
[Source "ChessBase"]
[WhiteTeam "Lebanon"]
[BlackTeam "Jordan"]
[WhiteTeamCountry "LBN"]
[BlackTeamCountry "JOR"]
[TimeControl "40/5400+30:1800+30"]

1. e4 {(00:00)} d6 {(00:00)} 2. d4 {(00:00)} g6 {(
00:21)} 3. Nc3 {(00:00)} Bg7 {(00:20)} 4. Be3 {(01:36)} a6
{(01:19)} 5. a4 {(01:22)} Nd7 {(02:34)} 6. f4 {(02:
51)} c5 {(04:40)} 7. dxc5 {(00:21)} Nxc5 {(00:43)} 8. Bxc5
{(00:21)} Bxc3+ {(01:28)} 9. bxc3 {(00:01)} dxc5 {(
00:26)} 10. Qxd8+ {(00:32)} Kxd8 {(00:04)} 11. Bc4 {(00:
08)} e6 {(06:58)} 12. Nf3 {(00:07)} Nf6 {(08:13)} 13. e5 {
(17:35)} Nd7 {(09:47)} 14. Rb1 {(03:32)} b6 {(03:
01)} 15. Kf2 {(01:26)} Bb7 {(03:05)} 16. Ng5 {(00:44)} Ke7
{(00:36)} 17. Rhd1 {(00:38)} Rad8 {(02:43)} 18. Rd6 {
(00:02)} h6 {(10:58)} 19. Nxe6 {(00:54)} fxe6 {(00:
19)} 20. Rxe6+ {(00:05)} Kf8 {(00:41)} 21. Rd1 {(00:09)}
Be4 {(04:41)} 22. Bxa6 {(08:21)} Bxc2 {(01:42)} 23. Rd2 {
(00:07)} Bf5 {(00:20)} 24. Red6 {(10:26)} Ke7 {(01:
55)} 25. Bb5 {(00:48)} Nb8 {(07:54)} 26. Ke3 {(00:26)}
Rxd6 {(00:53)} 27. Rxd6 {(00:02)} Nd7 {(05:02)} 28. Bxd7 {
(02:04)} Bxd7 {(00:03)} 29. Rxb6 {(00:09)} Bf5 {(
04:42)} 30. g4 {(01:00)} Bc2 {(00:19)} 31. Kd2 {(07:23)}
Be4 {(00:17)} 32. Ke3 {(00:29)} Bc2 {(00:02)} 33. Rb2 {
(02:22)} Bxa4 {(00:18)} 34. f5 {(00:02)} gxf5 {(00:
58)} 35. gxf5 {(00:01)} Rd8 {(02:01)} 36. Rb6 {(01:12)}
Bc2 {(01:44)} 37. Re6+ {(02:12)} Kd7 {(08:08)} 38. Kf4 {
(00:32)} Rf8 {(00:50)} 39. Rd6+ {(00:07)} Kc7 {(00:
01)} 40. f6 {(00:00)} Ra8 {(00:00)} 41. Rd2 {(04:47)} Ra4+
{(04:21)} 42. Ke3 {(03:58)} Bb3 {(01:36)} 43. Rf2 {
(00:40)} Ra8 {(01:57)} 44. c4 {(06:32)} Bxc4 {(04:
48)} 45. Rc2 {(00:37)} Ra3+ {(03:20)} 46. Kf4 {(01:41)}
Ra4 {(00:07)} 47. e6 {(01:49)} Bxe6+ {(00:18)} 48. Ke5 {
(00:01)} Kd7 {(04:59)} 49. Rxc5 {(06:25)} Ra1 {(00:
11)} 50. f7 {(02:38)} Bxf7 {(01:39)} 51. Kf6 {(00:06)}
Rf1+ {(00:15)} 52. Kg7 {(00:02)} h5 {(00:16)} 53. Re5 {
(00:49)} Kd6 {(00:45)} 54. Ra5 {(04:21)} h4 {(03:
01)} 55. h3 {(01:24)} Rf4 {(00:45)} 56. Kh6 {(00:24)} Be6
{(00:17)} 57. Kg5 {(00:14)} Rb4 {(00:01)} 58. Ra6+ {
(01:44)} Ke5 {(01:06)} 59. Ra5+ {(01:29)} Bd5 {(02:
03)} 60. Ra7 {(00:39)} Rb3 {(01:32)} 61. Kxh4 {(00:35)}
Be6 {(00:07)} 62. Ra1 {(04:24)} Rxh3+ {(01:42)} 63. Kg5 {
(00:06)} Rg3+ {(00:08)} 64. Kh4 {(00:08)} Rg8 {(00:
07)} 65. Re1+ {(01:15)} Kf6 {(00:11)} 66. Re4 {(00:43)}
Bf5 {(01:14)} 67. Rb4 {(00:18)} Ke5 {(00:29)} 68. Rb2 {
(02:10)} Rg4+ {(00:23)} 69. Kh5 {(00:11)} Rg3 {(00:
07)} 70. Kh4 {(00:47)} Rg7 {(00:38)} 71. Rf2 {(00:27)}
Rg4+ {(00:21)} 72. Kh5 {(00:06)} Kf6 {(00:04)} 73. Rf1 {
(03:00)} Rg3 {(02:31)} 74. Rf4 {(01:13)} Rh3+ {(01:
46)} 75. Rh4 {(00:01)} Rg3 {(00:37)} 76. Ra4 {(00:56)} Ke5
{(02:37)} 77. Ra5+ {(01:11)} Kf4 {(00:14)} 78. Ra4+ {
(00:14)} Be4 {(00:03)} 79. Kh6 {(00:36)} Rg6+ {(00:
06)} 80. Kh5 {(00:05)} Rg7 {(00:12)} 81. Ra6 {(00:18)} Bd3
{(01:04)} 82. Rf6+ {(03:15)} Ke5 {(00:03)} 83. Rf2 {
(00:24)} Bf5 {(00:14)} 84. Kh6 {(00:31)} Rg6+ {(00:
03)} 85. Kh5 {(00:08)} Rg3 {(00:14)} 86. Kh4 {(00:30)} Rg7
{(00:14)} 87. Ra2 {(00:51)} Kf6 {(00:36)} 88. Ra6+ {
(00:34)} Be6 {(00:03)} 89. Ra4 {(00:59)} Ke5 {(00:
07)} 90. Rb4 Bf5 {(00:07)} 91. Ra4 {(00:38)} Be4 {(00:01)}
92. Ra6 {(03:15)} Kf4 {(00:13)} 93. Rf6+ {(01:09)} Bf5 {
(00:02)} 94. Kh5 {(00:05)} Rh7+ {(00:42)} 95. Rh6 {
(00:02)} Ra7 {(00:05)} 96. Rb6 {(00:26)} Ra1 {(00:
18)} 97. Kh6 {(00:05)} Ke5 {(00:13)} 98. Kg7 {(00:18)}
Rg1+ {(00:09)} 99. Kf7 {(00:18)} Bd7 {(02:04)} 100. Ra6 {
(00:30)} Rh1 {(00:30)} 101. Ra5+ {(00:09)} Kd6 {(
00:04)} 102. Ra6+ {(00:20)} Bc6 {(00:01)} 103. Kf6 {(00:
13)} Rf1+ {(00:02)} 104. Kg5 {(00:08)} Kd5 {(00:05)} 105.
Ra5+ {(00:27)} Ke4 {(00:35)} 106. Rc5 {(00:42)} Bd5 {
(00:02)} 107. Ra5 {(00:11)} Ke5 {(00:02)} 108. Rb5 {
(02:36)} Rg1+ {(00:03)} 109. Kh6 {(00:10)} Rg8 {(
00:34)} 110. Kh7 1/2-1/2

[Event "42nd Olympiad Baku 2016 Open"]
[Site "Baku"]
[Date "2016.09.06"]
[Round "5.1"]
[White "Eljanov, Pavel"]
[Black "Wang, Yue"]
[Result "1/2-1/2"]
[ECO "E48"]
[WhiteElo "2739"]
[BlackElo "2737"]
[Annotator ""]
[PlyCount "128"]
[EventDate "2016.??.??"]
[EventType "team-tourn"]
[EventCountry "AZE"]
[SourceTitle "playchess.com"]
[Source "ChessBase"]
[WhiteTeam "Ukraine"]
[BlackTeam "China"]
[WhiteTeamCountry "UKR"]
[BlackTeamCountry "CHN"]
[TimeControl "40/5400+30:1800+30"]

1. d4 {(00:00)} Nf6 {(00:00)} 2. c4 {(00:00)} e6 {(
00:00)} 3. Nc3 {(00:13)} Bb4 {(00:08)} 4. e3 {(00:40)} O-O
{(00:21)} 5. Bd3 {(00:11)} d5 {(01:10)} 6. cxd5 {(
01:06)} exd5 {(02:46)} 7. Nge2 {(00:11)} b6 {(03:41)} 8.
O-O {(17:04)} Re8 {(09:39)} 9. f3 {(05:21)} c5 {(
08:34)} 10. a3 {(00:45)} Bxc3 {(02:08)} 11. bxc3 {(00:41)}
Ba6 {(01:11)} 12. Ng3 {(06:40)} Bxd3 {(05:47)} 13. Qxd3 {
(00:05)} Nc6 {(00:02)} 14. Bb2 {(00:28)} Rc8 {(05:
15)} 15. Rae1 {(12:46)} Qc7 {(02:33)} 16. e4 {(04:19)} Ne7
{(00:07)} 17. e5 {(13:27)} Nd7 {(00:05)} 18. a4 {(
03:11)} cxd4 {(06:14)} 19. cxd4 {(00:05)} Qc2 {(01:26)}
20. Qxc2 {(04:41)} Rxc2 {(02:17)} 21. Ba3 {(01:37)} g6 {
(05:36)} 22. Rc1 {(03:24)} Ra2 {(07:03)} 23. Bxe7 {
(03:47)} Rxe7 {(00:04)} 24. Ra1 {(12:03)} Rxa1 {(
13:04)} 25. Rxa1 {(00:04)} f6 {(01:29)} 26. f4 {(00:56)}
Nf8 {(01:03)} 27. Rc1 {(00:48)} Ne6 {(00:41)} 28. Ne2 {
(00:21)} Rc7 {(02:06)} 29. Rxc7 {(00:07)} Nxc7 {(
00:02)} 30. Kf2 {(00:06)} Kf7 {(00:36)} 31. Nc3 {(04:29)}
a6 {(00:09)} 32. g4 {(01:55)} Ke6 {(00:56)} 33. Ke3 {
(00:39)} f5 {(05:52)} 34. h3 {(00:24)} Kd7 {(03:42]
} 35. Na2 {(00:51)} a5 {(00:13)} 36. Nc3 {(01:56)} Kc6 {
(00:12)} 37. gxf5 {(02:13)} gxf5 {(00:01)} 38. Kf3 {
(00:14)} Ne6 {(00:04)} 39. Nb5 {(00:09)} Kd7 {(11:
15)} 40. Ke3 {(00:00)} Ng7 {(00:00)} 41. Nd6 {(00:36)} Kd8
{(08:14)} 42. Kf2 {(04:27)} Kd7 {(03:34)} 43. Kf3 {
(02:08)} Kd8 {(04:41)} 44. Ke2 {(12:57)} Kd7 {(00:
35)} 45. Ke3 {(00:38)} Kd8 {(00:09)} 46. Nf7+ {(00:49)}
Ke7 {(00:29)} 47. Ng5 {(00:44)} h6 {(00:32)} 48. Nf3 {
(00:04)} Ne8 {(00:41)} 49. Nd2 {(02:54)} Nc7 {(00:
04)} 50. Nb1 {(00:46)} b5 {(02:04)} 51. axb5 {(00:55)}
Nxb5 {(00:03)} 52. Kd3 {(00:08)} Kd7 {(00:55)} 53. Nc3 {
(00:23)} Nc7 {(00:11)} 54. Na4 {(03:35)} Kc6 {(03:
15)} 55. Nc5 {(00:14)} Kb5 {(02:16)} 56. Kc3 {(00:23)} Kc6
{(04:36)} 57. Kd3 {(01:06)} Nb5 {(04:29)} 58. Na4 {
(01:15)} Na7 {(00:19)} 59. Nc3 {(01:04)} Nc8 {(00:
10)} 60. Kc2 {(02:55)} Ne7 {(03:39)} 61. Kb3 {(00:23)} Ng6
{(00:06)} 62. Ne2 {(00:05)} Kb5 {(00:46)} 63. Nc3+ {
(00:21)} Kc6 {(00:14)} 64. Ne2 {(00:13)} Kb5 {(00:
34)} 1/2-1/2

[Event "42nd Olympiad Baku 2016 Open"]
[Site "Baku"]
[Date "2016.09.06"]
[Round "5.21"]
[White "Elliott, Warren"]
[Black "Rodriguez Vila, Andres"]
[Result "1/2-1/2"]
[ECO "B07"]
[WhiteElo "2238"]
[BlackElo "2453"]
[Annotator ""]
[PlyCount "162"]
[EventDate "2016.??.??"]
[EventType "team-tourn"]
[EventCountry "AZE"]
[SourceTitle "playchess.com"]
[Source "ChessBase"]
[WhiteTeam "Jamaica"]
[BlackTeam "Uruguay"]
[WhiteTeamCountry "JAM"]
[BlackTeamCountry "URU"]
[TimeControl "40/5400+30:1800+30"]

1. e4 {(00:00)} d6 {(00:00)} 2. d4 {(00:00)} Nf6 {(
00:00)} 3. Nc3 {(00:00)} g6 {(00:00)} 4. Be3 {(00:11)} Bg7
{(00:14)} 5. f3 {(00:14)} O-O {(00:07)} 6. Qd2 {(
00:15)} e5 {(00:05)} 7. d5 {(02:31)} Nh5 {(00:24)} 8. g4 {
(04:06)} Nf4 {(00:20)} 9. Nge2 {(14:13)} Nxe2 {(02:
28)} 10. Bxe2 {(00:41)} f5 {(00:14)} 11. gxf5 {(04:11)}
gxf5 {(00:03)} 12. Bg5 {(02:10)} Qe8 {(00:40)} 13. Rg1 {
(11:02)} f4 {(06:09)} 14. Bh6 {(08:02)} Rf7 {(01:
10)} 15. Bb5 {(06:24)} Qe7 {(00:23)} 16. O-O-O {(05:15)}
a6 {(00:56)} 17. Bxg7 {(04:37)} Rxg7 {(00:34)} 18. Rxg7+ {
(00:17)} Qxg7 {(03:19)} 19. Qf2 {(00:49)} Kh8 {(00:
13)} 20. Rg1 {(04:41)} Qf8 {(00:35)} 21. Bf1 {(01:02)} Nd7
{(00:52)} 22. Bh3 {(01:54)} Nf6 {(05:08)} 23. Qh4 {
(00:54)} Bxh3 {(02:08)} 24. Qxh3 {(00:04)} Qf7 {(
02:12)} 25. Qf5 {(01:10)} Rf8 {(00:58)} 26. Rg5 {(11:21)}
Qe7 {(04:08)} 27. Rg2 {(04:35)} Ng8 {(02:21)} 28. Qg4 {
(00:51)} Qf7 {(00:12)} 29. a3 {(00:47)} Ne7 {(00:
11)} 30. Qd7 {(01:22)} Ng6 {(00:17)} 31. Qxf7 {(01:02)}
Rxf7 {(00:01)} 32. Rg4 {(00:18)} Rf6 {(00:14)} 33. Kd2 {
(01:02)} Kg7 {(00:58)} 34. Ke2 {(00:22)} Kf7 {(00:
26)} 35. Nd1 {(00:21)} Ne7 {(00:46)} 36. Rh4 {(02:10)} Kg7
{(00:29)} 37. Rg4+ {(00:08)} Kh8 {(00:04)} 38. Nf2 {
(00:43)} c6 {(00:14)} 39. c4 {(00:10)} b5 {(00:38)}
40. b3 {(00:00)} c5 {(00:00)} 41. Rg1 {(05:00)} Rf8 {
(04:03)} 42. Nh3 {(07:09)} h6 {(00:49)} 43. Nf2 {(
00:07)} bxc4 {(00:20)} 44. bxc4 {(00:04)} Rb8 {(00:16)}
45. Rd1 {(04:58)} Ng6 {(03:09)} 46. Nd3 {(04:26)} Rb3 {
(03:42)} 47. Rd2 {(00:45)} Nh4 {(01:29)} 48. a4 {(
06:57)} h5 {(03:17)} 49. Rb2 {(01:18)} Nxf3 {(00:22)} 50.
Kxf3 {(03:08)} Rxd3+ {(00:05)} 51. Kg2 {(01:27)} Ra3 {
(03:53)} 52. Rb6 {(00:21)} Rxa4 {(00:14)} 53. Rxd6 {
(00:08)} Rxc4 {(00:09)} 54. Rxa6 {(05:09)} Rxe4 {(
00:14)} 55. Re6 {(01:01)} Kg7 {(01:25)} 56. d6 {(00:11)}
c4 {(01:54)} 57. d7 {(00:10)} Rd4 {(00:05)} 58. Rxe5 {
(00:10)} Rxd7 {(00:25)} 59. Rc5 {(02:49)} Kg6 {(15:
32)} 60. Rxc4 {(00:04)} Kf5 {(00:03)} 61. Rc5+ {(02:05)}
Ke4 {(00:05)} 62. Rc2 {(02:59)} Rd3 {(02:35)} 63. Kf2 {
(00:26)} h4 {(00:32)} 64. Rc4+ {(00:29)} Rd4 {(01:
42)} 65. Rc2 {(00:11)} h3 {(01:08)} 66. Ra2 {(00:25)} Rb4
{(00:13)} 67. Rc2 {(00:18)} Rb6 {(07:32)} 68. Ra2 {
(00:16)} Rb1 {(00:51)} 69. Ra4+ {(00:14)} Kf5 {(00:
02)} 70. Ra8 {(01:19)} Rb2+ {(01:52)} 71. Kf3 {(00:08)}
Rb3+ {(01:34)} 72. Kf2 {(00:07)} Rb5 {(00:02)} 73. Kf3 {
(00:16)} Rb3+ {(00:04)} 74. Kf2 {(00:04)} Rb2+ {(
00:55)} 75. Kf3 {(00:47)} Rxh2 {(00:05)} 76. Ra5+ {(00:39]
} Kg6 {(00:10)} 77. Kxf4 {(00:14)} Rg2 {(00:08)} 78. Ra3 {
(00:53)} Rf2+ {(00:33)} 79. Kg3 {(00:44)} h2 {(00:
10)} 80. Ra1 {(00:09)} Ra2 {(00:15)} 81. Rh1 {(00:23)} Kg5
{(00:07)} 1/2-1/2

[Event "42nd Olympiad Baku 2016 Open"]
[Site "Baku"]
[Date "2016.09.06"]
[Round "5.2"]
[White "Ermeni, Avni"]
[Black "Jones, Rupert"]
[Result "1-0"]
[ECO "E62"]
[WhiteElo "2270"]
[BlackElo "1851"]
[Annotator ""]
[PlyCount "95"]
[EventDate "2016.??.??"]
[EventType "team-tourn"]
[EventCountry "AZE"]
[SourceTitle "playchess.com"]
[Source "ChessBase"]
[WhiteTeam "Kosovo"]
[BlackTeam "Papua New Guinea"]
[WhiteTeamCountry "KOS"]
[BlackTeamCountry "PNG"]
[TimeControl "40/5400+30:1800+30"]

1. d4 {(00:00)} Nf6 {(00:00)} 2. Nf3 {(00:00)} g6 {
(00:23)} 3. c4 {(00:00)} Bg7 {(00:09)} 4. g3 {(00:
02)} d6 {(00:58)} 5. Bg2 {(00:06)} O-O {(00:07)} 6. Nc3 {
(00:05)} Nc6 {(02:03)} 7. O-O {(00:11)} Bf5 {(02:
01)} 8. d5 {(06:44)} Nb8 {(01:06)} 9. Nd4 {(00:24)} Bd7 {
(01:58)} 10. e4 {(03:48)} c5 {(03:24)} 11. Nde2 {(
06:11)} Na6 {(06:56)} 12. h3 {(07:44)} Nc7 {(04:40)} 13.
a4 {(00:15)} a6 {(04:49)} 14. a5 {(02:07)} Rb8 {(
05:58)} 15. Nf4 {(00:59)} b5 {(05:53)} 16. axb6 {(00:16)}
Rxb6 {(00:06)} 17. Nd3 {(00:41)} Qb8 {(09:15)} 18. Be3 {
(02:32)} Rb3 {(08:27)} 19. Qc2 {(04:33)} Qb7 {(09:
28)} 20. e5 {(07:12)} Nfe8 {(01:12)} 21. Bxc5 {(05:10)}
Bf5 {(04:53)} 22. exd6 {(02:30)} exd6 {(01:02)} 23. Ba3 {
(00:29)} Bxd3 {(12:37)} 24. Qxd3 {(00:30)} Qc8 {(
05:28)} 25. Qc2 {(03:00)} Rb8 {(05:24)} 26. Rac1 {(00:52)}
Qd7 {(01:02)} 27. c5 {(01:01)} Nb5 {(02:51)} 28. Nxb5 {
(00:30)} Rxb5 {(00:35)} 29. cxd6 {(01:34)} Nxd6 {(
01:02)} 30. Qc6 {(02:08)} Rd8 {(00:24)} 31. Rc2 {(00:10)}
Bf8 {(00:37)} 32. Qxa6 {(04:26)} Rdb8 {(00:10)} 33. Qc6 {
(01:14)} Qd8 {(00:24)} 34. Qc3 {(08:55)} Bg7 {(00:
23)} 35. Qc7 {(01:05)} Qxc7 {(00:58)} 36. Rxc7 {(00:02)}
Ne8 {(00:38)} 37. Rc6 {(05:09)} Bxb2 {(00:09)} 38. Bc5 {
(00:04)} Bg7 {(00:32)} 39. d6 {(00:19)} Nf6 {(00:
22)} 40. Kh2 {(00:00)} Nd7 {(00:00)} 41. Ba7 {(04:10)} Rd8
{(06:26)} 42. Rd1 {(00:27)} Ra5 {(05:09)} 43. Rc7 {
(01:48)} Ra6 {(01:12)} 44. Bf1 {(00:29)} Ra5 {(01:
15)} 45. Bc4 {(01:55)} Kf8 {(05:45)} 46. f4 {(02:15)} Rf5
{(05:33)} 47. Rb1 {(00:39)} h5 {(03:41)} 48. Rxd7 {
(00:13)} 1-0

[Event "42nd Olympiad Baku 2016 Open"]
[Site "Baku"]
[Date "2016.09.06"]
[Round "5.23"]
[White "Escobar Forero, Alder"]
[Black "Iotov, Valentin"]
[Result "1/2-1/2"]
[ECO "B19"]
[WhiteElo "2510"]
[BlackElo "2518"]
[Annotator ""]
[PlyCount "76"]
[EventDate "2016.??.??"]
[EventType "team-tourn"]
[EventCountry "AZE"]
[SourceTitle "playchess.com"]
[Source "ChessBase"]
[WhiteTeam "Colombia"]
[BlackTeam "Bulgaria"]
[WhiteTeamCountry "COL"]
[BlackTeamCountry "BUL"]
[TimeControl "40/5400+30:1800+30"]

1. e4 {(00:00)} c6 {(00:00)} 2. d4 {(00:00)} d5 {(
00:00)} 3. Nc3 {(02:40)} dxe4 {(00:06)} 4. Nxe4 {(00:09)}
Bf5 {(00:04)} 5. Ng3 {(00:32)} Bg6 {(00:05)} 6. h4 {
(04:22)} h6 {(00:02)} 7. Nf3 {(00:07)} Nd7 {(00:09]
} 8. h5 {(00:05)} Bh7 {(00:02)} 9. Bd3 {(00:08)} Bxd3 {
(00:03)} 10. Qxd3 {(00:07)} e6 {(00:16)} 11. Bf4 {(
00:09)} Qa5+ {(00:30)} 12. Bd2 {(00:07)} Bb4 {(00:03)} 13.
Ne4 {(09:59)} Ngf6 {(01:43)} 14. Nd6+ {(07:32)} Ke7 {
(00:04)} 15. Nc4 {(00:08)} Bxd2+ {(00:21)} 16. Nfxd2 {
(00:02)} Qd5 {(01:43)} 17. Ne3 {(00:56)} Qa5 {(06:
34)} 18. g4 {(12:19)} Rhd8 {(05:14)} 19. c3 {(22:50)} c5 {
(06:15)} 20. Nb3 {(13:48)} Qc7 {(43:11)} 21. O-O-O {
(02:58)} Qf4 {(03:45)} 22. Qe2 {(01:42)} Ne4 {(02:
01)} 23. Rhf1 {(06:58)} cxd4 {(06:52)} 24. Rxd4 {(05:01)}
Ne5 {(00:37)} 25. Qb5 {(06:06)} Rxd4 {(06:51)} 26. Nxd4 {
(01:02)} Nd6 {(00:13)} 27. Qe2 {(00:14)} Rc8 {(08:
45)} 28. Rd1 {(01:39)} Ne4 {(02:11)} 29. f3 {(02:11)} Ng5
{(03:51)} 30. Qd2 {(00:34)} Kf8 {(00:41)} 31. Rf1 {
(00:18)} Rd8 {(02:04)} 32. Nc4 {(00:21)} Nd3+ {(01:
07)} 33. Kc2 {(00:22)} Qxd2+ {(00:28)} 34. Nxd2 {(00:14)}
Nf4 {(00:25)} 35. Re1 {(00:56)} f6 {(00:22)} 36. Ne4 {
(00:45)} Kf7 {(00:49)} 37. Nxg5+ {(00:32)} hxg5 {(
00:02)} 38. Re4 {(00:12)} a6 {(00:52)} 1/2-1/2